PIO (24 & UNDER)
SASKATOON SMOKIN' GUNS @ JASPER COUGARS
07/05/2028
 
TOP OF THE 1ST
Saskatoon Smokin' Guns batting - Pitching for Jasper Cougars : LHP Martín Marino
Pitching: LHP Martín Marino
Batting: RHB Pedro Cabrera 0-0: Ball
1-0: Ball
2-0: Foul Ball, location: 2F
2-1: Ball
3-1: Base on Balls
Batting: RHB Julián García 0-0: Grounds into double play, 5-4-3 (Groundball, 56)
Batting: RHB Johnny Hawson 0-0: Ball
1-0: Called Strike
1-1: Foul Ball, location: 2F
1-2: Ball
2-2: Strikes out swinging
Top of the 1st over - 0 run(s), 0 hit(s), 0 error(s), 0 left on base; Saskatoon 0 - Jasper 0
BOTTOM OF THE 1ST
Jasper Cougars batting - Pitching for Saskatoon Smokin' Guns : RHP Denny Koch
Pitching: RHP Denny Koch
Batting: LHB Darren Holland 0-0: Ball
1-0: Fly out, F4 (Popup, 34D)
Batting: RHB Charles Lewis 0-0: Ground out 6-3 (Groundball, 6)
Batting: LHB Jon Rogers 0-0: Ball
1-0: SINGLE (Line Drive, 6D)
Batting: LHB John Stone 0-0: Ball
Jon Rogers steals 2nd base
1-0: Ground out U3 (Groundball, 3)
Bottom of the 1st over - 0 run(s), 1 hit(s), 0 error(s), 1 left on base; Saskatoon 0 - Jasper 0
TOP OF THE 2ND
Saskatoon Smokin' Guns batting - Pitching for Jasper Cougars : LHP Martín Marino
Batting: RHB Brendon Little 0-0: Called Strike
0-1: Swinging Strike
0-2: Foul Ball, location: 2F
0-2: SINGLE (Line Drive, 89S)
Batting: LHB Rubén Salazar 0-0: Ground out U3 (Groundball, 3L)
Brendon Little to second
Batting: LHB José Domínguez 0-0: Foul Ball, location: 2F
0-1: Ball
1-1: Foul Ball, location: 2F
1-2: 2-RUN HOME RUN (Line Drive, 9D), Distance : 342 ft
Batting: RHB Henry Jackson 0-0: SINGLE (Line Drive, 34D)
Batting: RHB Justin Geoghegan 0-0: Ball
1-0: Ball
2-0: Ball
3-0: Base on Balls
Henry Jackson to second
Batting: RHB Ismael Ortíz 0-0: Called Strike
Henry Jackson steals 3rd base
Justin Geoghegan to second
0-1: Ball
1-1: Ball
2-1: SINGLE (Flyball, 8LS)
Henry Jackson scores
Justin Geoghegan to third
Batting: RHB Pedro Cabrera 0-0: Called Strike
0-1: Ball
1-1: Swinging Strike
1-2: Strikes out swinging
Batting: RHB Julián García 0-0: Called Strike
0-1: Ball
1-1: Fielders Choice at 2nd, 6-4 (Groundball, 56)
Top of the 2nd over - 3 run(s), 4 hit(s), 0 error(s), 1 left on base; Saskatoon 3 - Jasper 0
BOTTOM OF THE 2ND
Jasper Cougars batting - Pitching for Saskatoon Smokin' Guns : RHP Denny Koch
Batting: RHB Juan Carlos 0-0: Called Strike
0-1: Fly out, F3 (Line Drive, 3)
Batting: LHB Tony Beck 0-0: Ball
1-0: Ball
2-0: Fly out, F9 (Line Drive, 89M)
Batting: RHB Ben Wilson 0-0: Foul Ball, location: 2F
0-1: Called Strike
0-2: Strikes out swinging
Bottom of the 2nd over - 0 run(s), 0 hit(s), 0 error(s), 0 left on base; Saskatoon 3 - Jasper 0
TOP OF THE 3RD
Saskatoon Smokin' Guns batting - Pitching for Jasper Cougars : LHP Martín Marino
Batting: RHB Johnny Hawson 0-0: Ball
1-0: SINGLE (Groundball, 6MD)
Batting: RHB Brendon Little 0-0: Ball
1-0: Called Strike
1-1: Ball
2-1: Called Strike
2-2: Strikes out swinging
Batting: LHB Rubén Salazar 0-0: Ball
1-0: Fielders Choice at 2nd, 4-6 (Groundball, 4)
Batting: LHB José Domínguez 0-0: Ball
Rubén Salazar steals 2nd base
1-0: Called Strike
1-1: SINGLE (Line Drive, 34D)
Rubén Salazar to third
Runner from 3rd tries for Home, SAFE, no throw
Batting: RHB Henry Jackson 0-0: Ball
1-0: Ball
2-0: Called Strike
2-1: Foul Ball, location: 2F
2-2: Foul Ball, location: 2F
2-2: Ball
3-2: Base on Balls
José Domínguez to second
Batting: RHB Justin Geoghegan 0-0: Ball
1-0: Called Strike
1-1: Swinging Strike
1-2: Ball
2-2: Foul Ball, location: 2F
2-2: Strikes out swinging
Top of the 3rd over - 1 run(s), 2 hit(s), 0 error(s), 2 left on base; Saskatoon 4 - Jasper 0
BOTTOM OF THE 3RD
Jasper Cougars batting - Pitching for Saskatoon Smokin' Guns : RHP Denny Koch
Batting: RHB Jorge Romero 0-0: SINGLE (Flyball, 8RS)
Batting: RHB Scott McGuire 0-0: Foul Ball, location: 2F
0-1: Ball
1-1: Ball
2-1: Ball
3-1: Foul Ball, location: 2F
3-2: Base on Balls
Jorge Romero to second
Batting: LHB Darren Holland 0-0: Called Strike
0-1: Ball
1-1: Foul Ball, location: 2F
1-2: Ball
2-2: Ball
3-2: Strikes out swinging
Batting: RHB Charles Lewis 0-0: Called Strike
0-1: SINGLE (Line Drive, 89M)
Jorge Romero to third
Scott McGuire to second
Batting: LHB Jon Rogers 0-0: Reached on error, E5 (Groundball, 56)
Jorge Romero scores
Scott McGuire to third
Charles Lewis to second
Batting: LHB John Stone 0-0: Called Strike
0-1: Fly out, F7 (Flyball, 7D)
Runner from 3rd tags up, SCORES, no throw
Batting: RHB Juan Carlos 0-0: Foul Ball, location: 2F
0-1: Called Strike
0-2: Foul Ball, location: 2F
0-2: Ball
1-2: Ball
2-2: Ball
3-2: Fly out, F4 (Popup, 3D)
Bottom of the 3rd over - 2 run(s), 2 hit(s), 1 error(s), 2 left on base; Saskatoon 4 - Jasper 2
TOP OF THE 4TH
Saskatoon Smokin' Guns batting - Pitching for Jasper Cougars : LHP Martín Marino
Batting: RHB Ismael Ortíz 0-0: Foul Ball, location: 2F
0-1: Swinging Strike
0-2: Ball
1-2: Strikes out looking
Batting: RHB Pedro Cabrera 0-0: Ball
1-0: Foul Ball, location: 2F
1-1: Swinging Strike
1-2: Fly out, F7 (Flyball, 7)
Batting: RHB Julián García 0-0: Foul Ball, location: 2F
0-1: Ball
1-1: Foul Ball, location: 2F
1-2: Ball
2-2: Ball
3-2: Foul Ball, location: 2F
3-2: Foul Ball, location: 2F
3-2: Fly out, F7 (Line Drive, 7LM)
Top of the 4th over - 0 run(s), 0 hit(s), 0 error(s), 0 left on base; Saskatoon 4 - Jasper 2
BOTTOM OF THE 4TH
Jasper Cougars batting - Pitching for Saskatoon Smokin' Guns : RHP Denny Koch
Batting: LHB Tony Beck 0-0: Ball
1-0: Swinging Strike
1-1: Called Strike
1-2: Ball
2-2: Strikes out swinging
Batting: RHB Ben Wilson 0-0: Ball
1-0: Ball
2-0: Foul Ball, location: 2F
2-1: SINGLE (Groundball, 56D)
Batting: RHB Jorge Romero 0-0: Ball
Wild Pitch!
Ben Wilson to second
1-0: Ball
2-0: TRIPLE (Flyball, 9LM)
Ben Wilson scores
Batting: RHB Scott McGuire 0-0: SINGLE (Line Drive, 34)
Jorge Romero scores
Batting: LHB Darren Holland 0-0: Ball
1-0: Foul Ball, location: 2F
1-1: Ball
2-1: SINGLE (Line Drive, 89M)
Scott McGuire to second
Runner from 2nd tries for 3rd, SAFE, no throw
Batting: RHB Charles Lewis 0-0: Ball
1-0: Ball
2-0: Called Strike
2-1: Ball
3-1: Fielders Choice at 2nd, 6-4 (Groundball, 6)
Scott McGuire scores
Batting: LHB Jon Rogers 0-0: Ball
1-0: Swinging Strike
1-1: Fly out, F8 (Line Drive, 8LM)
Bottom of the 4th over - 3 run(s), 4 hit(s), 0 error(s), 1 left on base; Saskatoon 4 - Jasper 5
TOP OF THE 5TH
Saskatoon Smokin' Guns batting - Pitching for Jasper Cougars : LHP Martín Marino
Batting: RHB Johnny Hawson 0-0: Called Strike
0-1: Ball
1-1: Foul Ball, location: 2F
1-2: Ball
2-2: Foul Ball, location: 2F
2-2: Foul Ball, location: 2F
2-2: Foul Ball, location: 2F
2-2: Strikes out looking
Pitching: LHP Ángel Gonzáles
Batting: RHB Brendon Little 0-0: Ball
1-0: Called Strike
1-1: Ball
2-1: Foul Ball, location: 2F
2-2: Strikes out looking
Batting: LHB Rubén Salazar 0-0: Called Strike
0-1: Ball
1-1: Called Strike
1-2: Foul Ball, location: 2F
1-2: Ball
2-2: Ball
3-2: Strikes out looking
Top of the 5th over - 0 run(s), 0 hit(s), 0 error(s), 0 left on base; Saskatoon 4 - Jasper 5
BOTTOM OF THE 5TH
Jasper Cougars batting - Pitching for Saskatoon Smokin' Guns : RHP Denny Koch
Pitching: RHP Ismael Ramírez
Batting: LHB John Stone 0-0: Called Strike
0-1: Ball
1-1: Foul Ball, location: 2F
1-2: Ball
2-2: Strikes out looking
Batting: RHB Juan Carlos 0-0: Called Strike
0-1: Ball
1-1: Called Strike
1-2: Ground out 5-3 (Groundball, 56S)
Batting: LHB Tony Beck 0-0: Ball
1-0: Ball
2-0: Fly out, F9 (Flyball, 9S)
Bottom of the 5th over - 0 run(s), 0 hit(s), 0 error(s), 0 left on base; Saskatoon 4 - Jasper 5
TOP OF THE 6TH
Saskatoon Smokin' Guns batting - Pitching for Jasper Cougars : LHP Ángel Gonzáles
Batting: LHB José Domínguez 0-0: Foul Ball, location: 2F
0-1: Foul Ball, location: 2F
0-2: Strikes out swinging
Batting: RHB Henry Jackson 0-0: Called Strike
0-1: Foul Ball, location: 2F
0-2: Ball
1-2: Ball
2-2: Strikes out looking
Batting: RHB Justin Geoghegan 0-0: Ball
1-0: Ball
2-0: Ball
3-0: Called Strike
3-1: Swinging Strike
3-2: SINGLE (Flyball, 89S)
Batting: RHB Ismael Ortíz 0-0: Ball
1-0: Ball
2-0: Ball
3-0: Called Strike
3-1: Foul Ball, location: 2F
3-2: Fly out, F9 (Flyball, 9LMF)
Top of the 6th over - 0 run(s), 1 hit(s), 0 error(s), 1 left on base; Saskatoon 4 - Jasper 5
BOTTOM OF THE 6TH
Jasper Cougars batting - Pitching for Saskatoon Smokin' Guns : RHP Ismael Ramírez
Batting: RHB Ben Wilson 0-0: Ball
1-0: Called Strike
1-1: Ball
2-1: Ball
3-1: Base on Balls
Batting: RHB Jorge Romero 0-0: Ball
1-0: SINGLE (Groundball, 4MD)
Ben Wilson to second
Runner from 2nd tries for 3rd, SAFE, throw made to third
Batting: RHB Scott McGuire 0-0: Called Strike
0-1: Called Strike
0-2: Ball
1-2: Strikes out swinging
Batting: LHB Darren Holland 0-0: Called Strike
Jorge Romero is caught stealing 2nd base
0-1: Ball
1-1: Ball
2-1: Swinging Strike
2-2: Ball
3-2: Base on Balls
Batting: RHB Charles Lewis 0-0: Ball
Darren Holland is caught stealing 2nd base
Bottom of the 6th over - 0 run(s), 1 hit(s), 0 error(s), 0 left on base; Saskatoon 4 - Jasper 5
TOP OF THE 7TH
Saskatoon Smokin' Guns batting - Pitching for Jasper Cougars : LHP Ángel Gonzáles
Pitching: RHP Francisco Pagán
Batting: RHB Pedro Cabrera 0-0: Ball
1-0: Foul Ball, location: 2F
1-1: Called Strike
1-2: Ball
2-2: Strikes out swinging
Batting: RHB Julián García 0-0: Ball
1-0: Foul Ball, location: 2F
1-1: Ball
2-1: Swinging Strike
2-2: DOUBLE (Groundball, 3L)
Pinch Hitting: LHB Bo Rush 0-0: Hit by Pitch
Pitching: LHP Edgardo Reyes
Batting: RHB Brendon Little 0-0: Ball
1-0: Ball
Julián García steals 3rd base
Bo Rush to second
2-0: Ball
3-0: Called Strike
3-1: Called Strike
3-2: Base on Balls
Pinch Hitting: RHB Rijk de Rade 0-0: Called Strike
0-1: Swinging Strike
0-2: Strikes out swinging
Batting: LHB José Domínguez 0-0: Called Strike
0-1: Ball
1-1: Ball
2-1: SINGLE (Groundball, 4MD)
Julián García scores
Bo Rush to third
Brendon Little to second
Runner from 3rd tries for Home, SAFE, no throw
Batting: RHB Henry Jackson 0-0: Ball
1-0: Ball
2-0: Called Strike
2-1: Ball
3-1: Base on Balls
Brendon Little to third
José Domínguez to second
Batting: RHB Justin Geoghegan 0-0: Swinging Strike
0-1: Ball
1-1: Foul Ball, location: 2F
1-2: Ball
2-2: Ball
3-2: Foul Ball, location: 2F
3-2: Base on Balls
Brendon Little scores
José Domínguez to third
Henry Jackson to second
Batting: RHB Ismael Ortíz 0-0: Called Strike
0-1: Ball
1-1: Fly out, F7 (Flyball, 78M)
Top of the 7th over - 3 run(s), 2 hit(s), 0 error(s), 3 left on base; Saskatoon 7 - Jasper 5
BOTTOM OF THE 7TH
Jasper Cougars batting - Pitching for Saskatoon Smokin' Guns : RHP Ismael Ramírez
Now at 1B: Bo Rush
Now at 2B: Ty Adams
Batting: RHB Charles Lewis 0-0: Ball
1-0: Ball
2-0: Ball
3-0: Called Strike
3-1: Foul Ball, location: 2F
3-2: Base on Balls
Batting: LHB Jon Rogers 0-0: Swinging Strike
0-1: Ball
1-1: SINGLE (Flyball, 8LS)
Charles Lewis to second
Batting: LHB John Stone 0-0: SINGLE (Flyball, 8LS)
Charles Lewis to third
Jon Rogers to second
Runner from 3rd tries for Home, throw and OUT!
Jon Rogers to third
John Stone to second
Batting: RHB Juan Carlos 0-0: Ball
1-0: Called Strike
1-1: Ground out 6-3 (Groundball, 6)
Jon Rogers scores
John Stone to third
Batting: LHB Tony Beck 0-0: Ball
1-0: Called Strike
1-1: Foul Ball, location: 2F
1-2: Ball
2-2: SINGLE (Line Drive, 56D)
John Stone scores
Pitching: RHP Luis Costa
Batting: RHB Ben Wilson 0-0: Called Strike
0-1: Called Strike
0-2: Foul Ball, location: 2F
0-2: Ball
1-2: Strikes out swinging
Bottom of the 7th over - 2 run(s), 3 hit(s), 0 error(s), 1 left on base; Saskatoon 7 - Jasper 7
TOP OF THE 8TH
Saskatoon Smokin' Guns batting - Pitching for Jasper Cougars : LHP Edgardo Reyes
Batting: RHB Pedro Cabrera 0-0: Swinging Strike
0-1: Foul Ball, location: 2F
0-2: Ball
1-2: Strikes out swinging
Batting: RHB Julián García 0-0: Ball
1-0: Ball
2-0: Called Strike
2-1: Ball
3-1: Called Strike
3-2: Foul Ball, location: 2F
3-2: Base on Balls
Batting: LHB Bo Rush 0-0: Foul Ball, location: 2F
0-1: SINGLE (Groundball, 4D)
Julián García to second
Throwing error, E9
Julián García scores
Bo Rush to second
Batting: RHB Brendon Little 0-0: Intentional Walk
Pitching: RHP A.J. Wellman
Pinch Hitting: RHB Robbie Jenkins 0-0: Called Strike
0-1: Swinging Strike
0-2: Ball
1-2: Ball
2-2: Foul Ball, location: 2F
2-2: Strikes out swinging
Batting: LHB José Domínguez 0-0: SINGLE (Groundball, 34D)
Bo Rush to third
Brendon Little to second
Runner from 3rd tries for Home, SAFE, no throw
Batting: RHB Henry Jackson 0-0: Ball
1-0: Called Strike
1-1: Ball
2-1: Foul Ball, location: 2F
2-2: Hit by Pitch
Brendon Little to third
José Domínguez to second
Batting: RHB Justin Geoghegan 0-0: Fly out, F9 (Flyball, 9S)
Top of the 8th over - 2 run(s), 2 hit(s), 1 error(s), 3 left on base; Saskatoon 9 - Jasper 7
BOTTOM OF THE 8TH
Jasper Cougars batting - Pitching for Saskatoon Smokin' Guns : RHP Luis Costa
Now at 2B: Mathew Olson
Batting: RHB Jorge Romero 0-0: Ball
1-0: Swinging Strike
1-1: Foul Ball, location: 2F
1-2: Ball
2-2: Strikes out looking
Batting: RHB Scott McGuire 0-0: Foul Ball, location: 2F
0-1: Ball
1-1: Ball
2-1: DOUBLE (Line Drive, 7LS)
Pitching: LHP Ernesto Pérez
Batting: LHB Darren Holland 0-0: Swinging Strike
0-1: Ball
1-1: Fly out, F8 (Flyball, 8RS)
Pitching: RHP Artie Smith
Batting: RHB Charles Lewis 0-0: Ball
1-0: Ground out 6-3 (Groundball, 6)
Bottom of the 8th over - 0 run(s), 1 hit(s), 0 error(s), 1 left on base; Saskatoon 9 - Jasper 7
TOP OF THE 9TH
Saskatoon Smokin' Guns batting - Pitching for Jasper Cougars : RHP A.J. Wellman
Pitching: LHP Teuk-chin Kim
Batting: RHB Ismael Ortíz 0-0: Ball
1-0: Ball
2-0: DOUBLE (Line Drive, 78D)
Batting: RHB Pedro Cabrera 0-0: Intentional Walk
Batting: RHB Julián García 0-0: Sac Bunt - play at first, batter OUT! 1-3
Ismael Ortíz to third
Pedro Cabrera to second
Batting: LHB Bo Rush 0-0: Called Strike
0-1: DOUBLE (Line Drive, 8LXD)
Ismael Ortíz scores
Pedro Cabrera scores
Batting: RHB Brendon Little 0-0: Intentional Walk
Batting: SHB Mathew Olson 0-0: Called Strike
0-1: Foul Ball, location: 2F
0-2: Grounds into double play, 6-4-3 (Groundball, 6M)
Top of the 9th over - 2 run(s), 2 hit(s), 0 error(s), 1 left on base; Saskatoon 11 - Jasper 7
BOTTOM OF THE 9TH
Jasper Cougars batting - Pitching for Saskatoon Smokin' Guns : RHP Artie Smith
Pitching: LHP Pedro González
Batting: LHB Jon Rogers 0-0: Called Strike
0-1: Ball
1-1: Ball
2-1: Ball
3-1: Base on Balls
Batting: LHB John Stone 0-0: Called Strike
0-1: Swinging Strike
0-2: Ball
1-2: Strikes out looking
Batting: RHB Juan Carlos 0-0: Ball
1-0: Swinging Strike
1-1: SINGLE (Groundball, 6MD)
Jon Rogers to second
Runner from 2nd tries for 3rd, SAFE after rundown.
Batting: LHB Tony Beck Pickoff Throw to First - Out!
0-0: Ball
1-0: Ball
2-0: Foul Ball, location: 2F
2-1: Foul Ball, location: 2F
2-2: Ball
3-2: Base on Balls
Batting: RHB Ben Wilson 0-0: Ball
1-0: SINGLE (Groundball, 6MD)
Jon Rogers scores
Tony Beck to second
Runner from 2nd tries for 3rd, SAFE, throw made to third
Pinch Hitting: RHB Bob Cole 0-0: SINGLE (Line Drive, 78S)
Tony Beck scores
Ben Wilson to second
Pitching: RHP Luis Mejía
Pinch Hitting: SHB Lonnie Washington 0-0: Fly out, F5 (Line Drive, 56D)
Bottom of the 9th over - 2 run(s), 3 hit(s), 0 error(s), 2 left on base; Saskatoon 11 - Jasper 9
Tuesday, August 8th, 2017 - OOTP Baseball 17.12 Build 75